 Dungeon Crawl Stone Soup version 0.31-a0-1388-g4b2ba238e7 (webtiles) character file.

Game seed: 7649914213928804623

28 Curundu the Poker (level 2, -4/27 HPs)
             Began as a Minotaur Berserker on Dec 25, 2023.
             Was a Follower of Trog.
             Slain by Terence
             ... wielding a +0 flail
              (8 damage)
             ... on level 2 of the Dungeon.
             The game lasted 00:05:58 (829 turns).

Curundu the Poker (Minotaur Berserker)               Turns: 829, Time: 00:05:59

Health: -4/27      AC:  2    Str: 21    XL:     2   Next: 96%
Magic:  1/1        EV: 12    Int:  4    God:    Trog [*.....]
Gold:   47         SH:  0    Dex:  9    Spells: 1/1 levels left

rFire   . . .        g - +2 dagger (vamp)
rCold   . . .        (no shield)
rNeg    . . .        b - +0 animal skin
rPois   .            (helmet restricted)
rElec   .            d - scarf {repulsion}
rCorr   .            (no gloves)
SInv    .            (no boots)
Will    .....        (no amulet)
Stlth   +            (no ring)
HPRegen 0.24/turn    (no ring)
MPRegen 0.07/turn

%: repel missiles
@: no status effects
A: horns 2, retaliatory headbutt
a: Renounce Religion, Berserk


You were on level 2 of the Dungeon.
You worshipped Trog.
Trog was aware of your devotion.
You visited 1 branch of the dungeon, and saw 2 of its levels.

You collected 47 gold pieces.

Inventory:

Hand Weapons
 a - a +0 spear
 g - a +2 vampiric dagger (weapon)
Missiles
 j - 6 datura-tipped darts
Armour
 b - a +0 animal skin (worn)
 d - a scarf of repulsion (worn)
Scrolls
 c - a scroll of enchant armour {unknown}
 e - a scroll of identify {unknown}
 i - a scroll of vulnerability {unknown}
Potions
 f - a potion of curing {unknown}
 h - 2 potions of heal wounds {unknown}


   Skills:
 + Level 4.1 Fighting
 + Level 4.2 Polearms
 + Level 2.5 Armour
 + Level 2.6 Dodging


You had one spell level left.
You didn't know any spells.
Your spell library was empty.

Dungeon Overview and Level Annotations

Branches:
Dungeon (2/15)

Altars:

Annotations:
D:2 Terence


Innate Abilities, Weirdness & Mutations

You have a pair of horns on your head.
You reflexively headbutt those who attack you in melee.


Message History

Found a whip.
You see here a +0 whip.
Found a stone staircase leading up.
i - a scroll labelled MIANUW IMPIQADD
Found 6 datura-tipped darts.
Found a stone staircase leading down.
You see here 6 datura-tipped darts.
j - 6 datura-tipped darts Nothing quivered!
There is a stone staircase leading down here.
Terence the Incautious comes into view.
He is wielding a +0 flail and wearing a +3 scale mail of poison resistance.
Terence shouts!
You hit Terence but do no damage. Terence misses you.
You hit Terence but do no damage. Terence hits you with a +0 flail.
You closely miss Terence. Terence misses you.
You hit Terence.
You feel better.
Terence is lightly wounded.
Terence closely misses you.
You closely miss Terence.
Terence is lightly wounded.
Terence misses you.
You hit Terence but do no damage.
Terence is lightly wounded.
Terence hits you with a +0 flail!
You hit Terence but do no damage.
Terence is lightly wounded.
Terence hits you with a +0 flail!
* * * LOW HITPOINT WARNING * * *
You hit Terence but do no damage. Your headbutt misses Terence.
Terence is lightly wounded.
Terence hits you with a +0 flail.
* * * LOW HITPOINT WARNING * * *
You barely miss Terence.
Terence is lightly wounded.
Terence barely misses you.
You hit Terence but do no damage.
Terence is lightly wounded.
Terence hits you with a +0 flail!
You die...
Terence says, "Rest in peace."

.......#.#.##.......###
.#.........##.#####.#
.......#.#.##.# #+#
..##......##.# #
#.>#.#.##.#
....####..#.#.##.####
#........#.#.....<.#
##.#####.#.#########
#@..# #...@.###
....###.# #. #.# #.#
#.. ###


You could see Terence.

Vanquished Creatures
  2 ball pythons (D:1)
  An endoplasm (D:1)
  A giant cockroach (D:1)
  3 goblins (D:1)
  6 hobgoblins
  4 kobolds (D:1)
  A quokka (D:1)
  A frilled lizard (D:1)
  4 rats (D:1)
23 creatures vanquished.

Notes
Turn   | Place    | Note
-------+----------+-------------------------------------------
     0 | D:1      | Curundu the Minotaur Berserker began the quest for the Orb.
     0 | D:1      | Reached XP level 1. HP: 19/19 MP: 0/0
    78 | D:1      | Reached XP level 2. HP: 25/27 MP: 1/1
   163 | D:1      | Found a faded altar of an unknown god.
   819 | D:2      | Noticed Terence
   829 | D:2      | Slain by Terence

Illustrated notes

Levels and vault maps discovered:
D:1:      minmay_arrival_radiant_lines, layout_loops_ring,
          dreamdust_ecumenical_altar_grove
D:2:      layout_loops_ring, dk_noncrumbling_2, minmay_misc_feat_chi,
          uniq_terence

Skill      XL: |  1  2 |
---------------+-------+-----
Fighting       | 4 |  4.1
Polearms       | 4 |  4.2
Armour         | |  2.5
Dodging        | |  2.6

Action                     || total
---------------------------++-------
  Melee: Spear             ||    23
         Headbutt          ||    11
         Dagger            ||    33
 Armour: Animal skin       ||    29
  Dodge: Dodged            ||    32

Table legend: (Time is in decaauts)
 A = Elapsed time spent in this place.
 B = Non-inter-level travel time spent in this place.
 C = Inter-level travel time spent in this place.
 D = Time resting spent in this place.
 E = Time spent auto-exploring this place.
 F = Levels seen in this place.
 G = Mean time per level.
                   A        B        C        D        E       F      G
               +--------+--------+--------+--------+--------+-----+--------+
         Total |    826 |    826 |      0 |      0 |    594 |   2 |  413.0 |
       Dungeon |    826 |    826 |      0 |      0 |    594 |   2 |  413.0 |
               +--------+--------+--------+--------+--------+-----+--------+

Top non-repeatable levels by time:
     D:1: 747 daAuts
     D:2: 78 daAuts
